 Dungeon Crawl Stone Soup version 0.30.2 (webtiles) character file.

Game seed: 17121899362291623610

667 porpoise the Summoner (level 7, 0/36 HPs)
             Began as a Tengu Summoner on Feb 14, 2024.
             Slain by a water moccasin (8 damage)
             ... on level 4 of the Dungeon.
             The game lasted 00:16:22 (3650 turns).

porpoise the Summoner (Tengu Summoner)              Turns: 3650, Time: 00:16:24

Health: 0/36       AC:  4    Str:  8    XL:     7   Next: 57%
Magic:  10/15      EV: 14    Int: 17    God:
Gold:   210        SH:  0    Dex: 15    Spells: 10/16 levels left

rFire   . . .        a - +0 spear
rCold   . . .        (no shield)
rNeg    . . .        u - +2 robe {Will+}
rPois   .            (helmet restricted)
rElec   .            (no cloak)
rCorr   .            (no gloves)
SInv    .            (boots unavailable)
Will    +....        (no amulet)
Stlth   +++          (no ring)
HPRegen 0.26/turn    (no ring)
MPRegen 0.14/turn

%: no passive effects
@: lethally poisoned (0 -> -14), flying quickly and evasively, quick
A: beak, talons 3, nimble flight
a: no special abilities


You were on level 4 of the Dungeon.
You visited 2 branches of the dungeon, and saw 5 of its levels.

You collected 210 gold pieces.

Inventory:

Hand Weapons
 a - a +0 spear (weapon)
 r - the +1 whip "Qakutz" {protect, +Blink rCorr Int+3}
   (You found it on level 4 of the Dungeon)

   Int:       It affects your intelligence (+3).
   +Blink:    It lets you blink.
   rCorr:     It protects you from acid and corrosion.
Missiles
 d - 12 poisoned darts
 h - 2 boomerangs
Armour
 u - a +2 robe of willpower (worn)
Magical Staves
 g - a staff of air
Scrolls
 c - a scroll of enchant armour
 e - a scroll of fog {unknown}
 f - a scroll of torment {unknown}
 j - a scroll of summoning {unknown}
 k - a scroll of vulnerability {unknown}
 p - a scroll of enchant weapon {unknown}
 q - a scroll of teleportation {unknown}
Potions
 b - 2 potions of magic
 m - a potion of brilliance
 n - a potion of curing
 o - 2 potions of berserk rage
 s - a potion of haste
 t - a potion of heal wounds


   Skills:
 - Level 2.1 Dodging
 + Level 4.0 Stealth
 - Level 5.0 Spellcasting
 * Level 8.0 Summonings


You had 10 spell levels left.
You knew the following spells:

 Your Spells              Type           Power      Damage    Failure   Level
a - Summon Small Mammal   Summ           100%       N/A       1%          1
b - Call Imp              Summ           62%        N/A       1%          2
c - Call Canine Familiar  Summ           31%        N/A       1%          3

Your spell library contained the following spells:

 Spells                   Type           Power      Damage    Failure   Level
 Summon Guardian Golem    Hex/Summ       17%        N/A       9%          3
 Summon Lightning Spire   Summ/Air       17%        N/A       26%         4


Dungeon Overview and Level Annotations

Branches:
Dungeon (4/15)             Temple (1/1) D:4

Altars:
Okawaru
Qazlal
Ru
Sif Muna
Wu Jian
Xom
Yredelemnul

Shops:
D:1 :

Annotations:
D:4 1 transporter, porpoise's ghost, amateur HOHu


Innate Abilities, Weirdness & Mutations

You have a beak for a mouth.
You have claws for feet.
Your magical nature lets you fly swiftly and evasively.


Message History

Your hound barely misses the water moccasin.
Your cerulean imp closely misses the water moccasin.
You hit the water moccasin. Your kick misses the water moccasin.
Your peck misses the water moccasin.
The water moccasin is almost dead.
You feel sick.
Your hound bites the water moccasin but does no damage.
Your quokka bites the water moccasin but does no damage.
The water moccasin barely misses you. The hobgoblin hits your cerulean imp.
The ogre misses your cerulean imp.
Your cerulean imp barely misses the hobgoblin.
Your quokka bites the water moccasin.
Your hound closely misses the water moccasin.
Found a mace and a leather armour.
You barely miss the water moccasin. Your kick misses the water moccasin.
Your peck misses the water moccasin.
The water moccasin is almost dead.
You feel sick.
You are no longer poisoned.
The water moccasin bites you but does no damage.
The hobgoblin barely misses your cerulean imp.
Your hound closely misses the water moccasin.
The water moccasin bites you!
Your cerulean imp hits the hobgoblin with a -1 spear.
Your quokka misses the water moccasin.
You are too injured to fight recklessly!
Unknown command.
You hit the water moccasin but do no damage.
Your kick misses the water moccasin. You peck the water moccasin.
The water moccasin is almost dead.
Your hound misses the water moccasin. The water moccasin bites you!
* * * LOW HITPOINT WARNING * * *
You are lethally poisoned!
The water moccasin poisons you! The hobgoblin hits your quokka.
The ogre barely misses your cerulean imp.
Your quokka closely misses the water moccasin.
Your cerulean imp hits the hobgoblin but does no damage.
Your hound completely misses the water moccasin.
The water moccasin bites you!
You die...

## #. #.## # ..
..>.....[. #..# #
......... ##.# #
.......). ##.# #
....... ###..# #
.[....#####...## #
#.####Og##.....###
# ..$...5Sr..#####
#...#@h..# #
####.# #..# ####


You could see a water moccasin (ally target), an ogre, a hobgoblin (ally
target), a friendly hound (summoned), a friendly cerulean imp (summoned) and a
friendly quokka (summoned).

Vanquished Creatures
  Sigmund (D:3)
  An orc priest (D:2)
  A hound (D:3)
  Jessica (D:2)
  3 adders
  A worm (D:2)
  5 orcs
  3 ball pythons
  3 endoplasms
  3 giant cockroaches
  5 goblins
  3 hobgoblins
  2 jackals (D:2)
  4 kobolds
  2 quokkas
  11 bats
  2 frilled lizards (D:1)
  3 rats
54 creatures vanquished.

Vanquished Creatures (collateral kills)
  Grinder (D:3)
  An orc priest (D:2)
  An iguana (D:4)
  Robin (D:3)
  3 adders
  A worm (D:4)
  A dart slug (D:1)
  4 orcs
  2 bats
  5 endoplasms
  A giant cockroach (D:2)
  10 goblins
  4 hobgoblins
  A jackal (D:2)
  2 quokkas
  5 ball pythons
  2 kobolds
  4 rats
49 creatures vanquished.

Grand Total: 103 creatures vanquished

Notes
Turn   | Place    | Note
-------+----------+-------------------------------------------
     0 | D:1      | porpoise the Tengu Summoner began the quest for the Orb.
     0 | D:1      | Reached XP level 1. HP: 10/10 MP: 4/4
   176 | D:1      | Reached skill level 5 in Summonings
   397 | D:1      | Reached XP level 2. HP: 15/15 MP: 3/6
   537 | D:1      | Found Quhof's Vocational Training.
   807 | D:1      | Reached XP level 3. HP: 16/19 MP: 4/7
  1105 | D:2      | Learned a level 2 spell: Call Imp
  1109 | D:2      | Learned a level 3 spell: Call Canine Familiar
  1185 | D:2      | Reached XP level 4. HP: 20/24 MP: 5/9
  1440 | D:2      | Reached skill level 6 in Summonings
  1531 | D:2      | Gained mutation: Your magical nature lets you fly swiftly
                  | and evasively. [Tengu growth]
  1531 | D:2      | Reached XP level 5. HP: 22/28 MP: 8/11
  1621 | D:2      | Noticed Jessica
  1628 | D:2      | Killed Jessica
  2149 | D:3      | Noticed Grinder
  2153 | D:3      | Paralysed by Grinder for 2 turns
  2189 | D:3      | Killed Grinder
  2190 | D:3      | Reached skill level 7 in Summonings
  2190 | D:3      | Reached XP level 6. HP: 32/32 MP: 2/13
  2406 | D:3      | Found a stormy altar of Qazlal.
  2690 | D:3      | Noticed Sigmund
  2707 | D:3      | Killed Sigmund
  2708 | D:3      | Reached XP level 7. HP: 36/36 MP: 7/15
  2955 | D:3      | Noticed Robin
  2967 | D:3      | Killed Robin
  3119 | D:4      | Reached skill level 5 in Spellcasting
  3183 | D:4      | Identified the +1 whip "Qakutz" {protect, +Blink rCorr
                  | Int+3}
  3190 | D:4      | Found a staircase to the Ecumenical Temple.
  3208 | Temple   | Entered the Ecumenical Temple
  3586 | D:4      | Found a transporter.
  3590 | D:4      | Noticed porpoise's ghost (amateur HOHu)
  3599 | D:4      | Reached skill level 8 in Summonings
  3650 | D:4      | Slain by a water moccasin

Illustrated notes

Levels and vault maps discovered:
D:1:      nzn_arrival_water_spiral, layout_basic, nicolae_shop_vocational
D:2:      cheibrodos_pilgrimage, layout_rooms, nicolae_figureground_sparkle,
          uniq_jessica
D:3:      layout_rooms, nicolae_qazlal_general_emergency, serial_rivers,
          chequers_serial_rivers_micro_a, chequers_serial_rivers_small_3,
          chequers_serial_rivers_room_a, chequers_serial_rivers_small_3,
          uniq_grinder, uniq_sigmund, uniq_robin
D:4:      layout_rooms, minmay_temple_entry_glass, gammafunk_ghost_mausoleum
Temple:   hellmonk_temple_beads

Skill      XL: |  1  2  3  4  5  6  7 |
---------------+----------------------+-----
Summonings     | 5 6 7 8 |  8.0
Spellcasting   | 3 4 5 |  5.0
Stealth        | 3 4 |  4.0
Dodging        | |  2.1

Action                     |  1- 3 |  4- 6 |  7- 9 || total
---------------------------+-------+-------+-------++-------
  Melee: Short sword       |    11 |       |       ||    11
         Unarmed           |     4 |       |       ||     4
         Kick              |     9 |    15 |     7 ||    31
         Spear             |    42 |    84 |    53 ||   179
         Peck              |     3 |     5 |     6 ||    14
         Punch             |       |       |     1 ||     1
   Cast: Summon Small Mamm |    26 |    10 |     8 ||    44
         Call Canine Famil |     1 |     9 |     5 ||    15
         Call Imp          |     1 |     7 |     3 ||    11
    Use: Potion            |     1 |       |       ||     1
         Scroll            |       |     1 |     4 ||     5
   Stab: Sleeping          |     3 |     4 |     4 ||    11
         Distracted        |       |     2 |     1 ||     3
 Armour: Robe              |    11 |    10 |    11 ||    32
  Dodge: Dodged            |    40 |    44 |    39 ||   123
